 Dungeon Crawl Stone Soup version 0.29.1-15-g9cfb28693d (webtiles) character file.

Game seed: 1208768504990743125

1643511 TittyCrusher the Skullcrusher (level 27, 244/244 (249) HPs)
             Began as a Formicid Fighter on Mar 1, 2023.
             Was the Champion of Cheibriados.
             Escaped with the Orb
             ... and 3 runes on Mar 2, 2023!
             The game lasted 04:56:56 (75830 turns).

TittyCrusher the Skullcrusher (Formicid Fighter)   Turns: 75830, Time: 04:56:56

HP:   244/244 (249) AC: 36    Str: 47    XL:     27
MP:   32/32         EV: 31    Int: 32    God:    Cheibriados [******]
Gold: 5471          SH:  0    Dex: 39    Spells: 8/26 levels left

rFire   + + .      SeeInvis +   a - +8 giant spiked club (spect)
rCold   + + +      Faith    .   (shield currently unavailable)
rNeg    + + +      Spirit   .   Z - +1 gold dragon scales "Kenoihul" {rPois rF+ rC+ rCorr Str+3}
rPois   +          Reflect  .   (helmet unavailable)
rElec   .          Harm     .   D - scarf {rC+ rF+}
rCorr   +          Rampage  .   W - +2 pair of gloves {Stlth+}
Will    ++++.                   N - +2 pair of boots
Stlth   ..........              k - necklace of Bloodlust {*Rage Will++ Int-3 Slay+6}
HPRegen 0.50/turn               q - ring of Foteif {Contam Will- rCorr Str+6 Dex+10}
MPRegen 0.23/turn               M - ring of Lirutyta {rC+ rN+++ Will+ Int+6 Dex-3}

@: lightly drained, very slow
A: permanent stasis, dig shafts and tunnels, antennae 3, four strong arms,
iridescent scales 1, clumsy 1, low MP 1, MP-powered wands
0: Orb of Zot
}: 3/15 runes: decaying, slimy, gossamer
a: Dig, Shaft Self, Renounce Religion, Bend Time, Temporal Distortion, Slouch,
Step From Time


You escaped.
You worshipped Cheibriados.
Cheibriados was exalted by your worship.
You visited 12 branches of the dungeon, and saw 55 of its levels.
You visited 1 bazaar.
You also visited: Desolation.

You collected 10809 gold pieces.
You spent 5338 gold pieces at shops.

Inventory:

Hand Weapons
 a - a +8 spectral giant spiked club (weapon)
 b - a +9 vorpal giant spiked club
 r - the +9 great mace of Siuneab {protect, rC+ Will+ Dex+4}
   (You found it on level 3 of the Elven Halls)

   It grants its wielder temporary protection when it strikes (+7 to AC).
   Dex:       It affects your dexterity (+4).
   rC:        It protects you from cold.
   Will:      It increases your willpower.
 X - a +2 vorpal arbalest
Missiles
 c - 2 throwing nets
 i - 53 poisoned darts (quivered)
Armour
 D - a scarf of resistance (worn)
 N - a +2 pair of boots (worn)
 W - a +2 pair of gloves of stealth (worn)
 Z - the +1 gold dragon scales "Kenoihul" (worn) {rPois rF+ rC+ rCorr Str+3}
   (You found it on level 3 of the Depths)

   Str:       It affects your strength (+3).
   rF:        It protects you from fire.
   rC:        It protects you from cold.
   rPois:     It protects you from poison.
   rCorr:     It protects you from acid and corrosion.
Jewellery
 k - the necklace of Bloodlust (around neck) {*Rage Will++ Int-3 Slay+6}
   (You found it on level 3 of the Swamp)

   [amulet of nothing]

   It extends the wearer's berserk rage when killing foes.
   Int:       It affects your intelligence (-3).
   Slay:      It affects your accuracy & damage with ranged weapons and melee
   (+6).
   *Rage:     It berserks you when you make melee attacks (+50% chance).
   Will:      It greatly increases your willpower.
 o - the ring "Zoeleeshru" {rPois rCorr MP+9 Dex+2}
   (You found it in the Desolation of Salt)

   [ring of magical power]

   Dex:       It affects your dexterity (+2).
   rPois:     It protects you from poison.
   MP:        It affects your magic capacity (+9).
   rCorr:     It protects you from acid and corrosion.
 q - the ring of Foteif (left hand) {Contam Will- rCorr Str+6 Dex+10}
   (You found it in the Desolation of Salt)

   [ring of strength]

   Str:       It affects your strength (+6).
   Dex:       It affects your dexterity (+10).
   Contam:    It causes magical contamination when unequipped.
   rCorr:     It protects you from acid and corrosion.
   Will:      It decreases your willpower.
 u - the ring "Taenlidd" {rC+ rN+}
   (You found it on level 5 of the Pits of Slime)

   [ring of positive energy]

   rC:        It protects you from cold.
   rN:        It protects you from negative energy.
 y - a ring of flight
 B - a +4 ring of slaying
 E - a ring of protection from cold
 M - the ring of Lirutyta (right hand) {rC+ rN+++ Will+ Int+6 Dex-3}
   (You acquired it on level 3 of the Swamp)

   [ring of intelligence]

   Int:       It affects your intelligence (+6).
   Dex:       It affects your dexterity (-3).
   rC:        It protects you from cold.
   rN:        It renders you almost immune to negative energy.
   Will:      It increases your willpower.
 Y - the ring "Itunlo" {Wiz *Slow rPois Dex+5}
   (You found it in the Desolation of Salt)

   [ring of wizardry]

   It improves your spell success rate.
   Dex:       It affects your dexterity (+5).
   rPois:     It protects you from poison.
   *Slow:     It may slow you when you take damage.
Wands
 m - a wand of digging (27)
 x - a wand of mindburst (25)
 G - a wand of light (18)
 H - a wand of polymorph (8)
 L - a wand of charming (40)
 Q - a wand of flame (90)
 S - a wand of roots (29)
Scrolls
 d - 9 scrolls of fear
 e - 12 scrolls of poison
 l - 3 scrolls of enchant weapon
 t - 11 scrolls of immolation
 A - 6 scrolls of enchant armour
 C - 4 scrolls of fog
 F - 6 scrolls of magic mapping
 I - 8 scrolls of silence
 J - a scroll of amnesia
 O - 5 scrolls of vulnerability
 R - 41 scrolls of identify
Potions
 f - 7 potions of cancellation
 g - 10 potions of mutation
 j - 3 potions of magic
 n - 10 potions of brilliance
 p - 11 potions of attraction
 s - 30 potions of curing
 v - 2 potions of resistance
 z - 12 potions of flight
 K - 10 potions of heal wounds
 P - 4 potions of invisibility
 T - 3 potions of lignification
 U - 6 potions of might
 V - 8 potions of ambrosia
Miscellaneous
 w - a condenser vane


   Skills:
 O Level 27 Fighting
 O Level 27 Maces & Flails
 - Level 6.4 Ranged Weapons
 - Level 23.9 Armour
 - Level 17.8 Dodging
 - Level 5.3 Stealth
 - Level 9.8 Shields
 - Level 8.9 Translocations
 - Level 7.6 Transmutations
 + Level 17.3 Invocations
 - Level 9.5 Evocations


You had 8 spell levels left.
You knew the following spells:

 Your Spells              Type           Power      Damage    Failure   Level
a - Wereblood             Tmut           48%        N/A       1%          2
b - Apportation           Tloc           100%       N/A       1%          1
c - Passage of Golubria   Tloc           55%        N/A       8%          4
d - Statue Form           Tmut/Erth      16%        N/A       100%        6
e - Manifold Assault      Tloc           55%        N/A       22%         5

Your spell library contained the following spells:

 Spells                   Type           Power      Damage    Failure   Level
 Beastly Appendage        Tmut           96%        N/A       1%          1
 Gell's Gravitas          Tloc           55%        N/A       2%          3
 Lesser Beckoning         Tloc           55%        N/A       2%          3
 Teleport Other           Tloc           55%        N/A       2%          3
 Passwall                 Tmut/Erth      20%        N/A       10%         2
 Portal Projectile        Hex/Tloc       56%        N/A       14%         3
 Spider Form              Tmut/Pois      24%        N/A       19%         3
 Foxfire                  Conj/Fire      0%         2x1d4     30%         1
 Freeze                   Ice            0%         1d3       30%         1
 Sandblast                Erth           0%         2d4       30%         1
 Summon Small Mammal      Summ           0%         N/A       30%         1
 Ignite Poison            Fire/Tmut/Pois 16%        N/A       32%         3
 Blade Hands              Tmut           24%        N/A       36%         5
 Ensorcelled Hibernation  Hex/Ice        0%         N/A       41%         2
 Scorch                   Fire           0%         2d5       41%         2
 Static Discharge         Conj/Air       0%         3-3/arc   41%         2
 Sublimation of Blood     Necr           0%         N/A       41%         2
 Ice Form                 Ice/Tmut       24%        N/A       54%         4
 Petrify                  Tmut/Erth      24%        N/A       54%         4
 Conjure Flame            Conj/Fire      0%         6-21      65%         3
 Frozen Ramparts          Ice            0%         1d1       65%         3
 Inner Flame              Hex/Fire       0%         N/A       65%         3
 Mephitic Cloud           Conj/Pois/Air  0%         N/A       65%         3
 Ozocubu's Armour         Ice            0%         N/A       65%         3
 Stone Arrow              Conj/Erth      0%         3d7       65%         3
 Summon Guardian Golem    Hex/Summ       0%         N/A       65%         3
 Tukima's Dance           Hex            0%         N/A       65%         3
 Dispersal                Tloc           27%        N/A       75%         6
 Summon Forest            Summ/Tloc      14%        N/A       80%         5
 Alistair's Intoxication  Tmut/Pois      16%        N/A       87%         5
 Irradiate                Conj/Tmut      12%        3d15      87%         5
 Yara's Violent Unravell  Hex/Tmut       12%        3d7       87%         5
 Airstrike                Air            0%         2d(0-16)  96%         4
 Anguish                  Hex/Necr       0%         N/A       96%         4
 Animate Armour           Summ/Erth      0%         N/A       96%         4
 Corpse Rot               Necr/Pois/Air  0%         N/A       96%         4
 Dispel Undead            Necr           0%         3d6       96%         4
 Flame Wave               Conj/Fire      0%         2d4       96%         4
 Hailstorm                Conj/Ice       0%         3d3       96%         4
 Leda's Liquefaction      Hex/Erth       0%         N/A       96%         4
 Sticky Flame             Conj/Fire      0%         2d3       96%         4
 Summon Ice Beast         Ice/Summ       0%         N/A       96%         4
 Summon Lightning Spire   Summ/Air       0%         N/A       96%         4
 Freezing Cloud           Conj/Ice/Air   0%         6-21      100%        5
 Lee's Rapid Deconstruct  Erth           0%         3d5*      100%        5
 Lightning Bolt           Conj/Air       0%         1d11      100%        5
 Metabolic Englaciation   Hex/Ice        0%         N/A       100%        5
 Silence                  Hex/Air        0%         N/A       100%        5
 Summon Mana Viper        Hex/Summ       0%         N/A       100%        5
 Conjure Ball Lightning   Conj/Air       0%         3x3d6     100%        6
 Death Channel            Necr           0%         N/A       100%        6
 Iron Shot                Conj/Erth      0%         9d1       100%        6
 Simulacrum               Ice/Necr       0%         N/A       100%        6
 Summon Cactus Giant      Summ           0%         N/A       100%        6
 Enfeeble                 Hex            0%         N/A       100%        7
 Haunt                    Necr/Summ      0%         N/A       100%        7
 Malign Gateway           Summ/Tloc      14%        N/A       100%        7
 Monstrous Menagerie      Summ           0%         N/A       100%        7
 Orb of Destruction       Conj           0%         9d5       100%        7
 Ozocubu's Refrigeration  Ice            0%         4d7       100%        7
 Spellforged Servitor     Conj/Summ      0%         N/A       100%        7
 Summon Hydra             Summ           0%         N/A       100%        7
 Discord                  Hex            0%         N/A       100%        8
 Disjunction              Tloc           27%        N/A       100%        8
 Lehudib's Crystal Spear  Conj/Erth      0%         10d2      100%        8
 Maxwell's Capacitive Co  Air            0%         ∞         100%        8
 Summon Horrible Things   Summ           0%         N/A       100%        8
 Dragon's Call            Summ           0%         N/A       100%        9
 Blink                    Tloc           Unusable   N/A       N/A         2

Dungeon Overview and Level Annotations

Branches:
Dungeon (15/15)            Temple (1/1) D:7            Lair (5/5) D:11
  Swamp (4/4) Lair:2       Spider (4/4) Lair:2        Slime (5/5) Lair:4
    Orc (2/2) D:12            Elf (3/3) Orc:2        Vaults (4/5) D:13
  Crypt (3/3) Vaults:3       Tomb (0/3) Crypt:3      Depths (4/4) D:15
    Zot (5/5) Depths:4    Desolation (visited)

Altars:
Ashenzari
Cheibriados
Dithmenos
Elyvilon
Fedhas
Gozag
Hepliaklqana
Kikubaaqudgha
Makhleb
Nemelex Xobeh
Okawaru
Qazlal
Ru
Sif Muna
Trog
Uskayaw
Vehumet
Wu Jian
Xom
Yredelemnul
Zin
The Shining One
Jiyva
Lugonu

Shops:
D:1 :   D:10 *   Orc:2 :(?:   Elf:1 [   Elf:2 *!   Vaults:1 *   Vaults:2 [*(
Vaults:4 (   Depths:1 (

Portals:
Hell: Depths:1 Depths:2 Depths:3 Depths:4
Abyss: Depths:1 Depths:3
Pandemonium: Depths:1 Depths:2
Ziggurat: Depths:1

Annotations:
D:2 exclusion: 2 downstairs
D:3 1 runed translucent door, exclusion: downstairs, Loveship's ghost, amateur DsNe
D:9 exclusion: upstairs
Lair:2 exclusion: downstairs
Lair:5 1 runed translucent door, Sonja
Depths:1 exclusions: hell hog, hell knight and 2 more exclusions
Zot:4 3 runed translucent doors, reasonance's ghost, legendary DsFi
Zot:5 2 transporters, exclusion: obsidian statue, FakeRyeBread's ghost, master MiFi


Innate Abilities, Weirdness & Mutations

You cannot be hasted, slowed, berserked, paralysed or teleported.
You can dig through walls and to a lower floor.
You have a pair of large antennae on your head. (SInv)
Your four strong arms can wield two-handed weapons with a shield.
You are partially covered in iridescent scales. (AC +2)
You are clumsy. (Dex -2)
Your magical capacity is low. (-10% MP)
You expend magic power (3 MP) to strengthen your wands.


Message History

A blizzard demon comes into view.
The blizzard demon shouts!
You hit the blizzard demon.
The blizzard demon is lightly wounded.
Your +8 spectral giant spiked club hits the blizzard demon!!
You beat the blizzard demon like a drum!!!
You kill the blizzard demon!
Cheibriados appreciates the change of pace.
There is an open door here.
You extend your mandibles.
You dig through the rock wall.
You feel drained.
You retract your mandibles.
There is an escape hatch in the ceiling here.
A mysterious force pulls you upwards. The hatch slams shut behind you.
You sense a monster nearby.
A chaos spawn comes into view.
The chaos spawn squeals angrily.
You impale the chaos spawn!!
The chaos spawn is severely wounded.
You perforate the chaos spawn like a sieve!!!!
You kill the chaos spawn!
Cheibriados appreciates the change of pace.
The chaos spawn degenerates into a cloud of primal chaos!
HP restored.
The elf shouts!
There is an open door here.
The meteoran shouts!
The octopode shouts!
The formicid shouts!
The ogre shouts!
The draconian roars!
The tengu shouts!
The demigod shouts!
The human shouts!
The demonspawn shouts!
The merfolk shouts!
The naga shouts!
The elf shouts!
The spriggan shouts!
The palentonga shouts!
The octopode shouts!
The felid hisses angrily.
There is an open door here.
There is a staircase leading out of the dungeon here.
You have escaped!

#.# #.# #.###.#
...##.# ......#
...####
###############
#6#N#K#T#V#o#h####
###############..#
..............'.@#
###############..#
#m#e#i#H#x#9#f####
###############
#.# #.# #.# #.#
##.#


There were no monsters in sight!

Vanquished Creatures
  4 pandemonium lords
  2 dread liches (Zot:5)
  4 orbs of fire
  6 ancient liches
  Mara (Depths:1)
  Mennas (Vaults:4)
  2 juggernauts
  Josephina (Crypt:1)
  A Killer Klown (Zot:5)
  Bai Suzhen (D:15)
  2 caustic shrikes
  11 golden dragons
  3 curse toes
  Arachne (Spider:2)
  A pearl dragon (Depths:3)
  2 bone dragons
  2 doom hounds (Zot:4)
  2 Brimstone Fiends
  4 electric golems
  Mlioglotl (Spider:4)
  18 tentacled monstrosities
  26 Orb Guardians
  8 liches
  3 deep elf blademasters
  2 deep elf master archers (Elf:3)
  Grunn (Zot:4)
  2 walking frostbound tomes (Depths:3)
  8 quicksilver dragons
  Asterion (D:15)
  A titan (Vaults:4)
  10 death cobs
  Gastronok (D:8)
  Frances (Spider:2)
  10 acid blobs
  3 ancient champions
  5 sphinxes
  12 storm dragons
  A thorn hunter (Swamp:3)
  11 shadow dragons
  3 revenants
  4 tengu reavers
  8 rockslimes
  6 draconian monks
  A fenstrider witch (Swamp:4)
  10 azure jellies
  2 daevas
  13 draconian scorchers
  8 fire giants
  9 draconian knights
  Donald (Vaults:2)
  8 frost giants
  3 emperor scorpions
  3 iron dragons (Depths:3)
  25 vault wardens
  6 deep elf sorcerers
  8 draconian stormcallers
  Aizul (Vaults:4)
  A curse skull (Crypt:2)
  4 ghost moths
  2 cacodemons
  8 ghouls
  An imperial myrmidon (Desolation)
  An orc warlord (Vaults:1)
  7 draconian annihilators
  8 draconian shifters
  4 reapers
  4 spriggan defenders
  9 broodmothers
  4 deep elf elementalists
  26 very ugly things
  5 angels
  A juggernaut skeleton (Crypt:3)
  5 ironbound thunderhulks
  20 green draconians
  4 war gargoyles (Crypt:3)
  12 quicksilver oozes
  2 caustic shrike skeletons
  17 ironbound preservers
  An ophan (Depths:3)
  7 vampire knights
  13 stone giants
  2 lorocyprocas
  12 black draconians
  5 deep elf annihilators (Elf:3)
  7 deep elf demonologists (Elf:3)
  7 dire elephants
  18 red draconians
  An apis (Depths:3)
  2 eleionomae (Swamp:3)
  7 entropy weavers
  2 halazid warlocks (Desolation)
  6 bunyips
  7 white draconians
  15 yellow draconians
  13 spark wasps
  6 crystal guardians
  2 blizzard demons
  4 eidola
  11 purple draconians
  12 ettins
  The ghost of sigtrap the Blocker, a journeyman FoFi of Qazlal (D:12)
  2 green deaths (Swamp:4)
  A quicksilver dragon zombie (Vaults:4)
  6 jiangshi
  9 great orbs of eyes
  13 fire dragons
  13 ragged hierophants (Desolation)
  17 vault guards
  6 deep elf death magi
  Fannar (Lair:3)
  13 boulder beetles
  3 deep elf high priests
  A spriggan zombie (Crypt:3)
  6 rakshasas
  8 servants of whispers (Desolation)
  15 hydras
  20 ice dragons
  A salamander tyrant (Depths:1)
  10 peacekeepers (Desolation)
  An ogre mage (D:15)
  10 yaktaur captains
  2 ghost crabs (Swamp:1)
  Erica (Lair:2)
  A catoblepas (Lair:4)
  A fenstrider witch zombie (Crypt:3)
  2 radroaches
  4 spriggan air magi
  7 centaur warriors
  A spriggan skeleton (Crypt:3)
  5 two-headed ogres
  4 jorogumos
  7 alligators
  5 ironbound frosthearts
  14 deep troll shamans
  9 deep troll earth magi
  34 dancing weapons
  7 orc high priests
  5 tengu warriors
  7 death yaks
  2 death knights (Crypt:1)
  3 spriggan berserkers
  6 vampire magi
  A death scarab (Spider:4)
  3 hell hogs (Depths:1)
  Urug (Lair:2)
  9 hell knights
  2 sun demons
  12 spriggans
  13 deep elf knights
  14 iron trolls
  A golden dragon zombie (Crypt:3)
  A salamander mystic (Depths:1)
  2 sun moths (Spider:4)
  An iron giant zombie (Crypt:3)
  6 soul eaters
  A cherub (Depths:1)
  31 skeletal warriors
  4 sixfirhies
  2 death drakes
  4 goliath frogs
  10 pharaoh ants
  A shadow wraith (Crypt:2)
  9 swamp dragons
  50 deep trolls
  A bunyip zombie (Crypt:1)
  7 spriggan druids
  A shadow dragon zombie (Crypt:3)
  7 steelbarb worms
  4 orb spiders
  6 flayed ghosts
  5 glowing orange brains
  9 deep elf archers
  9 bog bodies
  4 lindwurms
  10 wizards
  An iron dragon zombie (Crypt:1)
  8 necromancers
  4 orc knights
  An anaconda skeleton (Crypt:2)
  10 phantasmal warriors
  23 ironbound convokers
  2 large abominations (Swamp:4)
  29 wolf spiders
  37 deep elf zephyrmancers
  2 mana vipers (shapeshifter) (Depths:3)
  53 ugly things
  22 deep elf pyromancers
  A faun (Spider:3)
  2 orc sorcerers (D:15)
  4 manticores
  4 will-o-the-wisps
  29 moths of wrath
  3 salamanders (Depths:1)
  5 cyclopes
  A shining eye (Spider:4)
  2 rust devils (Zot:5)
  A naga zombie (Crypt:3)
  Joseph (Lair:1)
  5 black mambas (Lair:5)
  3 smoke demons
  5 guardian serpents
  A guardian serpent (shapeshifter) (D:14)
  A water nymph (shapeshifter) (Vaults:1)
  19 vault sentinels
  3 orange demons
  12 cane toads
  A storm dragon simulacrum (Crypt:1)
  4 gargoyles (D:12)
  A minotaur zombie (Crypt:1)
  2 efreet
  3 rime drakes
  3 unseen horrors
  A yaktaur zombie (Vaults:4)
  3 komodo dragons
  56 yaktaurs
  7 demonic crawlers
  13 torpor snails
  A redback zombie (Crypt:2)
  2 eyes of devastation
  4 kobold demonologists
  An unseen horror (shapeshifter) (Depths:3)
  A mana viper zombie (Crypt:2)
  A tormentor (Depths:1)
  4 tengu conjurers
  A catoblepas skeleton (Crypt:1)
  3 freezing wraiths (Crypt:1)
  A red devil (D:6)
  An anaconda simulacrum (Crypt:1)
  5 trolls
  A red draconian skeleton (Crypt:1)
  A troll (shapeshifter) (Elf:1)
  2 meliai (Spider:4)
  2 harpy skeletons (Crypt:3)
  4 tyrant leeches
  23 hornets
  26 blink frogs
  A polar bear (Lair:4)
  A snapping turtle (Spider:2)
  112 slime creatures
  Prince Ribbit (D:8)
  A tarantella zombie (Crypt:1)
  69 saltlings (Desolation)
  22 tarantellas
  A blink frog (shapeshifter) (Elf:2)
  A dream sheep (shapeshifter) (Depths:3)
  A stone giant simulacrum (Crypt:1)
  10 dream sheep (Lair:5)
  A black mamba zombie (Crypt:1)
  A fire dragon zombie (Crypt:3)
  27 flying skulls
  29 culicivoras
  31 jumping spiders
  7 shadows
  2 air elementals (Elf:2)
  14 wyverns
  4 water elementals
  An orc simulacrum (Crypt:1)
  A dire elephant simulacrum (Crypt:1)
  50 yaks
  16 fire elementals
  9 wraiths
  5 vampire mosquitoes
  10 golden eyes (Slime:4)
  4 basilisks
  A black mamba skeleton (Crypt:3)
  2 steam dragons
  60 redbacks
  A chaos spawn (D:1)
  6 wargs
  4 acid dragons
  A harpy simulacrum (Crypt:1)
  Edmund (D:4)
  13 swamp worms
  4 floating eyes (Depths:3)
  A demonspawn skeleton (Crypt:2)
  17 water moccasins
  6 orc warriors
  2 hell hounds (Lair:3)
  3 swamp drakes
  2 ice beasts
  2 sky beasts
  3 black bears
  A blink frog zombie (Crypt:2)
  6 ogres
  An elephant skeleton (Crypt:2)
  2 small abominations (Depths:4)
  6 boggarts
  8 centaurs
  8 wolves
  7 kobold brigands
  12 bullfrogs
  6 scorpions
  2 human skeletons (Vaults:4)
  A naga simulacrum (Crypt:1)
  3 earth elementals
  10 necrophages
  A draconian skeleton (Crypt:2)
  19 wights
  12 killer bees
  4 electric eels
  2 howler monkeys
  2 vampire bats (D:7)
  4 lava snakes (Lair:3)
  2 hounds
  34 orc priests
  2 jellies
  A gnoll bouda (D:7)
  6 iguanas
  A black bear skeleton (Crypt:1)
  18 orc wizards
  A howler monkey skeleton (Crypt:1)
  4 gnolls
  9 adders
  A shadow imp (D:7)
  2 ufetubi
  2 adder skeletons (Crypt:2)
  2 worms
  A dart slug (D:4)
  49 orcs
  2 bat skeletons (D:7)
  4 bat zombies (D:7)
  3 endoplasms
  7 giant cockroaches
  10 goblins
  6 hobgoblins
  2 jackals (D:2)
  2 quokkas (D:2)
  10 ball pythons
  7 bats
  6 frilled lizards
  28 kobolds
  5 rats
2502 creatures vanquished.

Vanquished Creatures (collateral kills)
  the Royal Jelly (Slime:5)
  A Killer Klown (Zot:5)
  A shadow dragon (Zot:5)
  A rockslime (Slime:5)
  An azure jelly (Slime:5)
  A quicksilver ooze (Slime:5)
  A slime creature (Slime:5)
  An ogre (D:3)
  A worm (Lair:2)
9 creatures vanquished.

Vanquished Creatures (others)
  A spriggan defender (Depths:3)
  2 spark wasps (Depths:3)
  A deep elf knight (Elf:1)
  A deep elf zephyrmancer (Elf:2)
  An ugly thing (Depths:1)
  A bloated husk (Swamp:4)
  A saltling (Desolation)
  A fire elemental (Zot:4)
  8 foxfires
  45 fungi
  81 plants
  A withered plant (D:14)
144 creatures vanquished.

Grand Total: 2655 creatures vanquished

Notes
Turn   | Place    | Note
-------+----------+-------------------------------------------
     0 | D:1      | TittyCrusher the Formicid Fighter began the quest for the
                  | Orb.
     0 | D:1      | Reached XP level 1. HP: 18/18 MP: 1/1
     2 | D:1      | Noticed a felid
     2 | D:1      | Noticed a vine stalker
     4 | D:1      | Noticed a gargoyle
     6 | D:1      | Noticed a vampire
     6 | D:1      | Noticed an octopode
     8 | D:1      | Noticed a troll
     8 | D:1      | Noticed a palentonga
    10 | D:1      | Noticed a spriggan
    12 | D:1      | Noticed a naga
    12 | D:1      | Noticed an elf
    14 | D:1      | Noticed a demonspawn
    14 | D:1      | Noticed a merfolk
    16 | D:1      | Noticed a ghoul
    16 | D:1      | Noticed a human
    18 | D:1      | Noticed a minotaur
    18 | D:1      | Noticed a demigod
    20 | D:1      | Noticed a draconian
    20 | D:1      | Noticed a tengu
    24 | D:1      | Noticed a formicid
    24 | D:1      | Noticed an ogre
    26 | D:1      | Noticed a meteoran
    26 | D:1      | Noticed an octopode
    28 | D:1      | Noticed an elf
    28 | D:1      | Noticed a ghoul
   202 | D:1      | Reached XP level 2. HP: 24/24 MP: 2/2
   475 | D:1      | Found Sainabi's Book Boutique.
   785 | D:2      | Found a faded altar of an unknown god.
  1007 | D:2      | Reached XP level 3. HP: 17/29 MP: 3/3
  1515 | D:2      | Reached XP level 4. HP: 32/35 MP: 4/4
  2006 | D:3      | Noticed an ogre
  2126 | D:3      | Noticed Loveship's ghost (amateur DsNe)
  2130 | D:3      | Identified the +4 ring mail of Theory {Harm +Blink rPois
                  | Str-2}
  2224 | D:3      | Found a runed translucent door.
  2433 | D:2      | Reached XP level 5. HP: 6/39 MP: 5/5
  2750 | D:3      | Reached skill level 5 in Maces & Flails
  2860 | D:3      | Noticed a phantom
  2942 | D:1      | You fall into a shaft and drop 1 floor!
  3033 | D:3      | Killed an ogre
  3034 | D:3      | Reached XP level 6. HP: 27/47 MP: 6/6
  3064 | D:3      | Noticed a black bear
  3486 | D:4      | Noticed Edmund
  3573 | D:5      | Entered Level 5 of the Dungeon
  4002 | D:3      | Reached XP level 7. HP: 50/52 MP: 7/7
  4822 | D:4      | HP: 1/52 [Edmund/+3 flail of protection (4)]
  4823 | D:4      | Killed Edmund
  5550 | D:5      | Reached XP level 8. HP: 53/58 MP: 8/8
  6141 | D:5      | Reached skill level 10 in Maces & Flails
  6390 | D:5      | Reached XP level 9. HP: 51/64 MP: 9/9
  7546 | D:6      | Found a bloodstained altar of Trog.
  8375 | D:7      | Found a staircase to the Ecumenical Temple.
  8385 | Temple   | Entered the Ecumenical Temple
  8429 | Temple   | Became a worshipper of Cheibriados the Contemplative
  8677 | D:7      | Found an ancient bone altar of Kikubaaqudgha.
  8680 | D:7      | Reached * piety under Cheibriados
  9038 | D:8      | Reached XP level 10. HP: 70/70 MP: 10/10
  9551 | D:8      | Noticed Prince Ribbit
  9576 | D:8      | Killed Prince Ribbit
  9576 | D:8      | Reached ** piety under Cheibriados
 10198 | D:8      | Noticed Gastronok
 10515 | D:9      | Reached *** piety under Cheibriados
 10542 | D:9      | Reached skill level 5 in Fighting
 10766 | D:9      | Reached XP level 11. HP: 77/83 MP: 11/11
 11344 | D:9      | Noticed a deep elf pyromancer
 11355 | D:9      | Killed a deep elf pyromancer
 11474 | D:9      | Reached **** piety under Cheibriados
 11494 | D:9      | Noticed a cyclops
 11505 | D:9      | Killed a cyclops
 12204 | D:10     | Entered Level 10 of the Dungeon
 12232 | D:10     | Reached skill level 1 in Invocations
 12545 | D:10     | Found Povap's Fire Supplies.
 12764 | D:10     | Reached skill level 5 in Invocations
 13217 | D:10     | Reached ***** piety under Cheibriados
 13306 | D:10     | Found a broken altar of Ashenzari.
 13310 | D:10     | Saw a vision of the Swamp and the Spider Nest.
 13310 | D:10     | Noticed a steelbarb worm
 13310 | D:10     | Noticed an entropy weaver
 13310 | D:10     | Noticed a spriggan rider
 13311 | D:10     | Noticed a broodmother
 13311 | D:10     | Noticed a boulder beetle
 13311 | D:10     | Noticed an eleionoma
 13313 | D:10     | Noticed an entropy weaver
 13313 | D:10     | Noticed a five-headed hydra
 13313 | D:10     | Noticed a wolf spider
 13415 | D:10     | Reached skill level 5 in Armour
 13535 | D:11     | Noticed a two-headed ogre
 13544 | D:11     | Killed a two-headed ogre
 13545 | D:11     | Found a staircase to the Lair.
 13694 | D:11     | Noticed a manticore
 13704 | D:11     | Killed a manticore
 13705 | D:11     | Reached XP level 12. HP: 80/96 MP: 14/16
 13877 | D:11     | Noticed a centaur warrior
 13882 | D:11     | Killed a centaur warrior
 13922 | D:11     | Noticed a seven-headed hydra
 13934 | D:11     | Killed a seven-headed hydra
 14170 | D:10     | Bought a +1 scale mail of fire resistance for 224 gold
                  | pieces
 14214 | Lair:1   | Entered Level 1 of the Lair of Beasts
 14570 | D:11     | You fall into a shaft and drop 2 floors!
 14904 | D:13     | Reached skill level 5 in Dodging
 14999 | D:12     | Noticed a boulder beetle
 15035 | D:13     | Killed a boulder beetle
 15803 | D:12     | Noticed a seven-headed hydra
 15820 | D:12     | Killed a seven-headed hydra
 15985 | D:12     | Identified the +3 robe of the Secret Xenops {-Cast +Blink
                  | Dex+3 Slay+2}
 16027 | D:11     | Reached skill level 1 in Evocations
 16066 | D:11     | Reached XP level 13. HP: 80/101 MP: 17/17
 16381 | Lair:1   | Noticed Joseph
 16405 | Lair:1   | Killed Joseph
 16647 | Lair:1   | Reached skill level 5 in Evocations
 17502 | Lair:2   | Found a hole to the Spider Nest.
 17504 | Lair:2   | Noticed Urug
 17620 | Lair:2   | Noticed a boulder beetle
 17630 | Lair:2   | Killed a boulder beetle
 17719 | Lair:2   | Reached skill level 15 in Maces & Flails
 17755 | Lair:2   | Noticed Erica
 17762 | Lair:2   | Killed Erica
 18075 | Lair:2   | Killed Urug
 18595 | Lair:2   | Found a staircase to the Swamp.
 18825 | Lair:3   | Noticed a four-headed hydra
 19156 | Lair:3   | You fall into a shaft and drop 2 floors!
 19156 | Lair:5   | Entered Level 5 of the Lair of Beasts
 20280 | Lair:4   | Reached skill level 10 in Invocations
 20280 | Lair:4   | Reached XP level 14. HP: 108/108 MP: 21/21
 20310 | Lair:4   | Reached skill level 5 in Shields
 20396 | Lair:4   | Found a staircase to the Slime Pits.
 20397 | Lair:4   | Found a viscous altar of Jiyva.
 21244 | Lair:3   | Noticed Fannar
 21255 | Lair:3   | Killed Fannar
 22867 | Lair:5   | Identified the +0 leather armour of Fedhas's Displeasure
                  | {rF+ rN++}
 22926 | Lair:5   | Found a runed translucent door.
 22927 | Lair:5   | Noticed Sonja
 23617 | Lair:5   | Reached XP level 15. HP: 104/114 MP: 22/22
 25818 | D:12     | Found a staircase to the Orcish Mines.
 25999 | D:12     | Found a runed translucent door.
 26000 | D:12     | Noticed sigtrap's ghost (journeyman FoFi)
 26022 | D:12     | Killed sigtrap's ghost
 26321 | Orc:1    | Entered Level 1 of the Orcish Mines
 26407 | Orc:2    | Entered Level 2 of the Orcish Mines
 27268 | D:8      | You fall into a shaft and drop 1 floor!
 27438 | D:8      | Killed Gastronok
 27762 | Orc:2    | Found Eheusk's Magic Scroll Shoppe.
 27762 | Orc:2    | Found Popeecw's Book Boutique.
 27975 | Orc:2    | Reached ****** piety under Cheibriados
 27993 | Orc:2    | Found Irishost's Antique Weapon Boutique.
 27993 | Orc:2    | Found Vumeukk's Book Shoppe.
 28053 | Orc:2    | Found a staircase to the Elven Halls.
 28371 | Orc:2    | Bought a scroll of fog for 56 gold pieces
 28371 | Orc:2    | Bought a scroll of identify for 28 gold pieces
 28371 | Orc:2    | Bought a scroll of silence for 133 gold pieces
 28371 | Orc:2    | Bought a scroll of identify for 28 gold pieces
 28371 | Orc:2    | Bought a scroll of enchant armour for 105 gold pieces
 28501 | D:13     | Reached skill level 10 in Armour
 28764 | D:13     | Found a gate to the Vaults.
 29784 | D:14     | Reached XP level 16. HP: 109/120 MP: 23/23
 30167 | D:14     | Found a basalt altar of Yredelemnul.
 30789 | D:15     | Entered Level 15 of the Dungeon
 31037 | D:15     | Found a staircase to the Depths.
 32070 | D:15     | Identified the +6 chain mail of Nihilism {+Blink Str+3
                  | Stlth-}
 32109 | D:15     | Learned a level 2 spell: Wereblood
 32277 | Spider:1 | Entered Level 1 of the Spider Nest
 32320 | Spider:1 | Reached skill level 1 in Transmutations
 32373 | Spider:1 | Reached skill level 5 in Transmutations
 32672 | Spider:1 | Reached XP level 17. HP: 126/126 MP: 24/24
 33657 | Spider:2 | Noticed Frances
 33787 | Spider:2 | Noticed Arachne
 33794 | Spider:2 | Killed Arachne
 34113 | Spider:2 | Killed Frances
 36267 | Spider:4 | Entered Level 4 of the Spider Nest
 36271 | Spider:4 | Noticed Mlioglotl
 36278 | Spider:4 | Killed Mlioglotl
 36620 | Spider:4 | Reached XP level 18. HP: 122/133 MP: 25/25
 37419 | Spider:4 | Learned a level 1 spell: Apportation
 37528 | Spider:4 | Reached skill level 10 in Fighting
 37804 | Spider:4 | Got a gossamer rune of Zot
 38250 | Swamp:1  | Entered Level 1 of the Swamp
 38829 | Swamp:1  | Reached skill level 10 in Dodging
 39749 | Swamp:2  | Reached XP level 19. HP: 127/143 MP: 26/28
 40297 | Swamp:3  | Found the necklace of Bloodlust {*Rage Will++ Int-3 Slay+6}
 40383 | Swamp:3  | Identified a scroll of acquirement
 40384 | Swamp:3  | Acquired the ring of Lirutyta {rC+ rN+++ Will+ Int+6 Dex-3}
 41174 | Swamp:4  | Entered Level 4 of the Swamp
 42347 | Swamp:4  | Noticed a tentacled monstrosity
 42368 | Swamp:4  | Killed a tentacled monstrosity
 42551 | Swamp:4  | Got a decaying rune of Zot
 42712 | D:10     | Bought a +0 plate armour of fire resistance for 420 gold
                  | pieces
 42846 | Elf:1    | Entered Level 1 of the Elven Halls
 42860 | Elf:1    | Found a crumbling gateway.
 42886 | Elf:1    | Found a white marble altar of Elyvilon.
 42886 | Elf:1    | Found a glowing silver altar of Zin.
 42888 | Elf:1    | Found a glowing golden altar of the Shining One.
 42960 | Desolati | Entered the Desolation of Salt
 43106 | Desolati | Reached XP level 20. HP: 150/150 MP: 21/29
 43167 | Desolati | Reached skill level 15 in Armour
 43176 | Desolati | Identified the ring "Zoeleeshru" {rPois rCorr MP+9 Dex+2}
 43330 | Desolati | Identified the ring of Foteif {Contam Will- rCorr Str+6
                  | Dex+10}
 43355 | Desolati | Got the Monograph on the Voyage and Hypothermia
 43362 | Desolati | Got Zamesoludu's Almanac of Ice and Apparitions
 43401 | Desolati | Got Wyemmumn's Folio of Translocation and Vitiation
 43507 | Desolati | Got the Compendium of Spatial Hexes
 43641 | Desolati | Identified the ring "Itunlo" {Wiz *Slow rPois Dex+5}
 43872 | Desolati | Got Pouton's Tome of Command and Hoarfrost
 43875 | Desolati | Identified the +4 scale mail of Pathos {Str+2}
 44951 | Elf:1    | You fall into a shaft and drop 1 floor!
 45415 | Elf:2    | Found a runed translucent gate.
 45415 | Elf:2    | Found a runed translucent gate.
 45416 | Elf:2    | Found a runed translucent gate.
 45462 | Elf:2    | Reached XP level 21. HP: 120/161 MP: 20/30
 46394 | Elf:2    | Found Novihili's General Store.
 46402 | Elf:2    | Bought a potion of invisibility for 128 gold pieces
 46403 | Elf:2    | Found Loihoed's Distillery.
 46578 | Elf:2    | Bought a potion of might for 68 gold pieces
 46578 | Elf:2    | Bought a potion of ambrosia for 136 gold pieces
 46578 | Elf:2    | Bought a potion of flight for 51 gold pieces
 46578 | Elf:2    | Bought a potion of curing for 51 gold pieces
 46578 | Elf:2    | Bought a potion of invisibility for 136 gold pieces
 46988 | Elf:1    | Found Itzob's Antique Armour Boutique.
 47211 | Elf:3    | Entered Level 3 of the Elven Halls
 47227 | Elf:3    | Found an ancient bone altar of Kikubaaqudgha.
 47390 | Elf:3    | Reached skill level 15 in Fighting
 48773 | Elf:3    | Noticed a Tzitzimitl
 49106 | Elf:3    | Found the +0 staff of Battle
 49286 | Elf:3    | Found the +5 robe of Night {Dark Will+ SInv}
 49602 | Elf:3    | Identified the +9 mace of the Mushroom {speed, *Slow Fly
                  | rCorr}
 49639 | Elf:3    | Identified the +6 quarterstaff "Jaupp" {venom, rF+ MP+9
                  | SInv}
 49642 | Elf:3    | Identified the +9 great mace of Siuneab {protect, rC+ Will+
                  | Dex+4}
 49900 | Vaults:1 | Entered Level 1 of the Vaults
 49941 | Vaults:1 | Reached XP level 22. HP: 182/182 MP: 31/31
 50467 | Vaults:1 | Identified the +4 dagger of Lyune {drain, *Slow rF+++ rN+
                  | Dex+3}
 51136 | Vaults:1 | Found Zinajekh's Assorted Antiques.
 51146 | Vaults:1 | Bought 2 potions of heal wounds for 270 gold pieces
 51146 | Vaults:1 | Bought a scroll of magic mapping for 202 gold pieces
 51146 | Vaults:1 | Bought a potion of cancellation for 216 gold pieces
 51643 | Vaults:1 | Identified the +3 spear "Lonev" {vamp, Contam Str+3 Dex+6}
 51774 | Vaults:2 | You fall into a shaft and drop 1 floor!
 52070 | Vaults:3 | Got Relinul's Compendium of Sandy Ozone
 52192 | Vaults:3 | Reached skill level 15 in Dodging
 52583 | Vaults:3 | Found a staircase to the Crypt.
 52583 | Vaults:3 | Found an ancient bone altar of Kikubaaqudgha.
 52583 | Vaults:3 | Found a basalt altar of Yredelemnul.
 52839 | Vaults:3 | Reached XP level 23. HP: 194/194 MP: 29/32
 53129 | Vaults:2 | Noticed Donald
 53136 | Vaults:2 | Killed Donald
 53200 | Vaults:2 | Identified the +2 ring mail of the Mordant God {rF+ Dex+7}
 53253 | Vaults:2 | Found Jeusoto's Antique Armour Shoppe.
 53263 | Vaults:2 | Bought an ichor-stained plate armour for 644 gold pieces
 53263 | Vaults:2 | Identified the +1 plate armour of Xafi {Rampage} (You
                  | bought it in a shop on level 2 of the Vaults)
 53265 | Vaults:2 | Bought a fine scale mail for 207 gold pieces
 53265 | Vaults:2 | Identified the +3 scale mail of Xom's Condemnation {Drain
                  | rC+ Will++} (You bought it in a shop on level 2 of the
                  | Vaults)
 53403 | Vaults:2 | Found Bapoj's Assorted Antiques.
 53408 | Vaults:2 | Bought a potion of curing for 84 gold pieces
 53408 | Vaults:2 | Bought a scroll of magic mapping for 210 gold pieces
 53408 | Vaults:2 | Bought a potion of curing for 84 gold pieces
 53723 | Vaults:2 | Found Inwuz's Antique Weapon Shoppe.
 54159 | Vaults:4 | Found Ulynuc's Weapon Shop.
 54425 | Vaults:4 | Noticed Aizul
 54431 | Vaults:4 | Killed Aizul
 54974 | Vaults:4 | Reached skill level 1 in Ranged Weapons
 55492 | Vaults:4 | Noticed Mennas
 55506 | Vaults:4 | Killed Mennas
 55507 | Vaults:4 | Reached XP level 24. HP: 157/201 MP: 32/32
 55750 | Crypt:1  | Entered Level 1 of the Crypt
 55811 | Crypt:1  | Identified the ring of Amorality {Ice Str+4}
 55811 | Crypt:1  | Noticed Josephina
 55817 | Crypt:1  | Killed Josephina
 55818 | Crypt:1  | Reached skill level 5 in Ranged Weapons
 57937 | Crypt:3  | Entered Level 3 of the Crypt
 58343 | Crypt:3  | Reached XP level 25. HP: 188/207 MP: 32/32
 58600 | Crypt:3  | Found a staircase to the Tomb.
 58651 | Crypt:3  | Found a basalt altar of Yredelemnul.
 58808 | Crypt:3  | Noticed an ancient lich
 58824 | Crypt:3  | Killed an ancient lich
 59150 | Elf:1    | Learned a level 4 spell: Passage of Golubria
 59342 | Slime:1  | Entered Level 1 of the Pits of Slime
 59362 | Slime:1  | Reached skill level 1 in Translocations
 59493 | Slime:4  | Reached skill level 5 in Translocations
 59547 | Slime:5  | Entered Level 5 of the Pits of Slime
 59749 | Slime:5  | Noticed the Royal Jelly
 59806 | Slime:5  | Found a viscous altar of Jiyva.
 60023 | Slime:5  | Killed the Royal Jelly
 60098 | Slime:5  | Identified the ring "Taenlidd" {rC+ rN+}
 60101 | Slime:5  | Got a slimy rune of Zot
 60146 | Slime:5  | Identified the +4 arbalest of Weenn {vorpal, rF++ Str-3
                  | Int+3}
 60183 | Slime:5  | Identified the +0 scale mail of Efavusad {rF+ rN+ Will+}
 60190 | Slime:5  | Identified the +4 ring mail "Ehug" {Int+2}
 60511 | Vaults:2 | Bought a scroll of enchant weapon for 210 gold pieces
 60999 | Depths:1 | Entered Level 1 of the Depths
 60999 | Depths:1 | Noticed Asterion
 61001 | Depths:1 | Noticed Mara
 61008 | D:15     | Killed Asterion
 61022 | Depths:1 | Noticed TittyCrusher's illusion
 61259 | Depths:1 | Noticed TittyCrusher's illusion
 61299 | Depths:1 | Noticed Bai Suzhen
 61307 | D:15     | Killed Bai Suzhen
 61317 | Depths:1 | Noticed TittyCrusher's illusion
 61385 | Depths:1 | Noticed TittyCrusher's illusion
 61404 | Depths:1 | Noticed TittyCrusher's illusion
 61663 | Depths:1 | Killed Mara
 61873 | Depths:1 | Reached XP level 26. HP: 190/215 MP: 32/32
 61940 | Depths:1 | Found a one-way gateway to a ziggurat.
 62124 | Depths:1 | Found a hazy altar of Hepliaklqana.
 62256 | Depths:1 | Found a one-way gate to the infinite horrors of the Abyss.
 62323 | Depths:1 | Found Xamawnen's Antique Weapon Emporium.
 62466 | Depths:1 | Found a one-way gate leading to the halls of Pandemonium.
 62636 | Depths:2 | Found a stormy altar of Qazlal.
 64064 | Depths:2 | Found a gateway to Hell.
 64136 | Depths:3 | Found a flickering gateway to a bazaar.
 64155 | Bazaar   | Entered a bazaar
 64155 | Bazaar   | Found Puxt's Book Shop.
 64155 | Bazaar   | Found Usteqaq's Magic Scroll Shoppe.
 64155 | Bazaar   | Found Qoomyon's General Store.
 64157 | Bazaar   | Found Julaplon's Armour Shoppe.
 64157 | Bazaar   | Found Imetit's Book Boutique.
 64201 | Bazaar   | Bought a scroll of fear for 36 gold pieces
 64201 | Bazaar   | Bought a scroll of fear for 36 gold pieces
 64201 | Bazaar   | Bought a scroll of enchant weapon for 67 gold pieces
 64201 | Bazaar   | Bought a scroll of enchant weapon for 67 gold pieces
 64204 | Bazaar   | Bought a +2 cloak of willpower for 301 gold pieces
 64214 | Bazaar   | Bought a book of the Earth for 684 gold pieces
 64214 | Bazaar   | Bought a potion of cancellation for 152 gold pieces
 64214 | Bazaar   | Bought a potion of mutation for 152 gold pieces
 64214 | Bazaar   | Bought a potion of ambrosia for 152 gold pieces
 64239 | Depths:3 | Learned a level 6 spell: Statue Form
 64494 | Depths:3 | Found a glowing golden altar of the Shining One.
 64494 | Depths:3 | Found a white marble altar of Elyvilon.
 64494 | Depths:3 | Found a glowing silver altar of Zin.
 64573 | Depths:3 | Found a corrupted altar of Lugonu.
 64797 | Depths:3 | Reached XP level 27. HP: 157/221 MP: 32/32
 64876 | Depths:3 | Noticed an ancient lich
 64891 | Depths:3 | Killed an ancient lich
 64906 | Depths:3 | You fall into a shaft and drop 1 floor!
 64906 | Depths:4 | Entered Level 4 of the Depths
 65633 | Depths:3 | Noticed a juggernaut
 65640 | Depths:3 | Killed a juggernaut
 65645 | Depths:3 | Identified the +1 gold dragon scales "Kenoihul" {rPois rF+
                  | rC+ rCorr Str+3}
 65719 | Depths:3 | Identified the +5 long sword of Kialoith {drain, rC+ Str-5
                  | Dex+3}
 66482 | Depths:4 | Reached skill level 1 in Stealth
 66543 | Depths:4 | Reached skill level 5 in Stealth
 66728 | Depths:4 | Found a gate to the Realm of Zot.
 66750 | Depths:4 | Acquired the ring of Kixitam {rCorr Dex+6 Stlth+}
 67343 | Depths:4 | Noticed a juggernaut
 67350 | Depths:4 | Killed a juggernaut
 67389 | Depths:4 | Found a sparkling altar of Nemelex Xobeh.
 67587 | Zot:1    | Entered Level 1 of the Realm of Zot
 67975 | Zot:1    | Learned a level 5 spell: Manifold Assault
 69433 | Zot:2    | You fall into a shaft and drop 1 floor!
 71430 | Zot:4    | Noticed reasonance's ghost (legendary DsFi)
 71938 | Zot:4    | Found a runed translucent gate.
 71938 | Zot:4    | Found a runed translucent gate.
 71938 | Zot:4    | Found a runed translucent gate.
 72156 | Zot:4    | Noticed Grunn
 72172 | Zot:4    | Killed Grunn
 72455 | Zot:4    | Noticed an orb of fire
 72464 | Zot:4    | Gained mutation: You are frail. (-10% HP) [an orb of fire]
 72466 | Zot:4    | Killed an orb of fire
 73045 | Zot:5    | Entered Level 5 of the Realm of Zot
 73351 | Zot:5    | Noticed FakeRyeBread's ghost (master MiFi)
 73361 | Zot:5    | Identified the +1 cloak of Daffodils {rPois Int+4 Dex-5}
 73361 | Zot:5    | Identified the +0 cloak "Kexe" {rPois Int+4}
 73362 | Zot:5    | Found a bloodstained altar of Trog.
 73368 | Zot:5    | Found a transporter.
 73376 | Zot:5    | Found a transporter.
 73897 | Zot:5    | Noticed a dread lich
 73907 | Zot:5    | Killed a dread lich
 73909 | Zot:5    | Noticed an ancient lich
 73914 | Zot:5    | Killed an ancient lich
 74184 | Zot:5    | Noticed an ancient lich
 74185 | Zot:5    | Killed an ancient lich
 74189 | Zot:5    | Noticed a Killer Klown
 74191 | Zot:5    | Noticed a dread lich
 74192 | Zot:5    | Killed a Killer Klown
 74193 | Zot:5    | Reached skill level 27 in Maces & Flails
 74197 | Zot:5    | Noticed an orb of fire
 74197 | Zot:5    | Noticed an ancient lich
 74207 | Zot:5    | Gained mutation: You occasionally lose the ability to read
                  | scrolls when taking damage. [an orb of fire]
 74209 | Zot:5    | Killed an ancient lich
 74213 | Zot:5    | Gained mutation: Armour fits poorly on your strangely
                  | shaped body. [an orb of fire]
 74215 | Zot:5    | Gained mutation: You occasionally lose the ability to drink
                  | potions when taking damage. [an orb of fire]
 74217 | Zot:5    | Killed an orb of fire
 74220 | Zot:5    | Killed a dread lich
 74464 | Zot:5    | Lost mutation: Armour fits poorly on your strangely shaped
                  | body. [potion of mutation]
 74464 | Zot:5    | Lost mutation: You are frail. (-10% HP) [potion of
                  | mutation]
 74464 | Zot:5    | Gained mutation: You are weak. (Str -2) [potion of
                  | mutation]
 74464 | Zot:5    | Gained mutation: Your skin changes colour to match your
                  | surroundings (Stealth+). [potion of mutation]
 74465 | Zot:5    | Lost mutation: You occasionally lose the ability to read
                  | scrolls when taking damage. [potion of mutation]
 74465 | Zot:5    | Lost mutation: You occasionally lose the ability to drink
                  | potions when taking damage. [potion of mutation]
 74465 | Zot:5    | Gained mutation: You occasionally lose the ability to drink
                  | potions when taking damage. [potion of mutation]
 74465 | Zot:5    | Gained mutation: You expend magic power (3 MP) to
                  | strengthen your wands. [potion of mutation]
 74466 | Zot:5    | Lost mutation: You occasionally lose the ability to drink
                  | potions when taking damage. [potion of mutation]
 74466 | Zot:5    | Lost mutation: Your skin changes colour to match your
                  | surroundings (Stealth+). [potion of mutation]
 74466 | Zot:5    | Lost mutation: You are weak. (Str -2) [potion of mutation]
 74466 | Zot:5    | Gained mutation: You are partially covered in iridescent
                  | scales. (AC +2) [potion of mutation]
 74752 | Zot:5    | Identified the +6 quarterstaff of Igrub {vorpal, rPois rC+
                  | Str-3 Int+3}
 74760 | Zot:5    | Noticed an ancient lich
 74760 | Zot:5    | Noticed an orb of fire
 74761 | Zot:5    | Noticed a Killer Klown
 74763 | Zot:5    | Noticed an orb of fire
 74764 | Zot:5    | Killed an ancient lich
 74764 | Zot:5    | Gained mutation: You are clumsy. (Dex -2) [an orb of fire]
 74765 | Zot:5    | Reached skill level 27 in Fighting
 74772 | Zot:5    | Killed an orb of fire
 74775 | Zot:5    | Killed a Killer Klown
 74776 | Zot:5    | Killed an orb of fire
 75116 | Zot:5    | Got the Orb of Zot
 75131 | Zot:5    | Noticed Tiatriq the pandemonium lord
 75148 | Zot:5    | Killed Tiatriq the pandemonium lord
 75149 | Zot:5    | Reached skill level 15 in Invocations
 75163 | Zot:5    | Noticed Quobip the pandemonium lord
 75169 | Zot:5    | Killed Quobip the pandemonium lord
 75255 | Zot:1    | Gained mutation: Your magical capacity is low. (-10% MP) [a
                  | cacodemon]
 75273 | Depths:4 | Noticed Vuan the pandemonium lord
 75281 | Depths:4 | Killed Vuan the pandemonium lord
 75330 | Depths:3 | Noticed Nonunay the pandemonium lord
 75336 | Depths:3 | Killed Nonunay the pandemonium lord
 75417 | Depths:1 | Noticed a seraph
 75830 | D:$      | Escaped with the Orb!

Illustrated notes

Levels and vault maps discovered:
D:1:      kb_arrival_jail, layout_loops_ring, serial_shops, shop,
          corexii_item_surrounded_by_moat
D:2:      kennysheep_six_static_rooms, layout_basic,
          ebering_ecumenical_altar_hall, grunt_decor_junction,
          minmay_small_reverse_x
D:3:      layout_rooms, hellmonk_ghost_happy_afterlife
D:4:      layout_cave_pools, serial_glass, glass_columns_b, glass_columns_c,
          glass_columns_a, glass_columns_c, glass_columns_c, glass_columns_a,
          glass_columns_b, glass_columns_a, uniq_edmund
D:5:      layout_loops_cross
D:6:      wander_river, layout_gridville, mainiacjoe_overflow_chevrons,
          kennysheep_small_spiral, hangedman_decor_opposing
D:7:      layout_loops_ring, kennysheep_vampire_church,
          minmay_temple_entry_offerings, mrwooster_statue_mirror,
          bh_walls_and_bars
D:8:      layout_loops_cross, enter_bailey_5, uniq_prince_ribbit1,
          uniq_gastronok
D:9:      layout_small_grid, small_statue_intersection, minmay_three_doors
D:10:     layout_roguey, grunt_ashenzari_visionary
          [grunt_ashenzari_visionary_swamp, grunt_ashenzari_visionary_spider],
          nicolae_shop_fire_sale [nicolae_sub_dead_trees], grunt_ministairs_15
D:11:     minmay_ornate_pinched, layout_loops_corners, minmay_unpleasant_kobolds
D:12:     cheibrodos_statue_roulette, layout_cave_pools, orc_0_dummy,
          ebering_ghost_reflecting_pool
D:13:     layout_grid_maze, david_vaults_2
D:14:     layout_basic, roderic_st_hans_cross, yredelemnul_altar_generic
D:15:     grunt_enter_depths_hoard, layout_basic,
          nicolae_concentric_dashed_squares_mild, minmay_starry_boxes
Temple:   hellmonk_temple_of_storms
Lair:1:   layout_chaotic_city, st_stairs_5, uniq_joseph
Lair:2:   layout_concentric_octagons, minmay_swamp_entry_reptiles,
          nicolae_spider_entry_non_spiders, serial_bayou_shore_b,
          grunt_megastairs_1, uniq_urug, uniq_erica
Lair:3:   layout_chaotic_city, enter_volcano_3, nicolae_lair_liquid_snakes,
          infiniplex_staircase_pool, grunt_megastairs_5, uniq_fannar
Lair:4:   layout_regular_city, slime_entry_1, st_stairs_7
Lair:5:   hangedman_lair_tendril_chambers, layout_gridlike, wormcave,
          portal_ice_cave_entry_pillars_1, uniq_sonja
Swamp:1:  layout_falls_marsh, nicolae_swamp_very_dense_foliage, swamp_pool1
Swamp:2:  layout_falls_marsh, evilmike_swamp_ruin_house_5, swamp_pool4
Swamp:3:  layout_falls_marsh, evilmike_swamp_ruin_house_2, swamp_pool5
Swamp:4:  swamp_vile, layout_basic_swamp
Spider:1: layout_spider_delve, hangedman_spider_tarantella_strand
Spider:2: layout_spider_delve, uniq_frances, uniq_arachne
Spider:3: layout_spider_delve
Spider:4: hellmonk_spider_rune_endless_swarm, nicolae_spider_claw_tunnel,
          uniq_mlioglotl
Slime:1:  layout_caves
Slime:2:  layout_caves
Slime:3:  layout_caves
Slime:4:  layout_caves
Slime:5
Orc:1:    layout_caves
Orc:2:    st_orc_town, layout_diamond_mine
Elf:1:    layout_geoelf_diagonals, portal_desolation_entry_holy_temple,
          serial_shops, shop_statue, hangedman_elf_disciples, st_stairs_7
Elf:2:    nicolae_elf_blades_splatter_lattice [nicolae_blade_entry_antechamber],
          layout_rooms, serial_shops, shop, nicolae_stop_n_shop_1,
          grunt_ministairs_5
Elf:3:    elf_hall_gauntlet_wide, layout_gridlike, basic_altar
Vaults:1: grunt_vaults_hallway_long, hangedman_vaults_nails,
          vaults_room_ringed_pool, v_misc_23, v_rooms_1, st_eye, v_misc_10,
          hangedman_vaults_impose, vaults_room_large_hall,
          hangedman_vaults_pinch, vaults_mumra_hexcomb,
          nicolae_vaults_sealed_display, layout_vaults_omnicross, serial_shops,
          shop
Vaults:2: v_misc_33, nicolae_vaults_specimen_jars, nicolae_vaults_meeting,
          vaults_room_pools, ontoclasm_vaults_twist, dpeg_vaults_monster_box,
          grunt_vaults_swirl, nicolae_vaults_rhombus_6, vaults_standard_mumra_x,
          nicolae_vaults_border_crossing, nicolae_vaults_theta,
          layout_vaults_maze_bifur, serial_shops, shop,
          nicolae_shop_statue_plus, shop, uniq_donald
Vaults:3: minmay_crypt_entry_necro_gods, v_misc_5, v_misc_23,
          nicolae_vaults_angled_halls, vaults_dpeg_ring, v_misc_2, v_misc_26,
          ontoclasm_vaults_idyll, nicolae_vaults_mini_display_case,
          layout_vaults_big_room
Vaults:4: nicolae_vaults_twisting_passages, nicolae_vaults_little_squares_3,
          vaults_room_door_hall, nicolae_vaults_network_barrier,
          nicolae_vaults_what_the_h, vaults_room_door_hall, v_misc_29,
          ontoclasm_vaults_ligature, vaults_dpeg_spiral, layout_vaults_omnibox,
          serial_shops, nicolae_shop_trees, uniq_mennas, uniq_aizul
Crypt:1:  layout_chaotic_city, st_stairs_7, hex_large, minivault_19,
          grunt_crypt_arrival_split, uniq_josephina
Crypt:2:  layout_chaotic_city
Crypt:3:  cryptofortress_bobbens
Depths:1: layout_big_octagon, enter_ziggurat_c, hellmouth_3,
          grunt_pan_entry_spiral, nrook_pool_corridor, abyss_entry,
          nicolae_take_the_stairs, nzn_hepliaklqana_mist_gate, uniq_bai_suzhen,
          uniq_asterion, uniq_mara
Depths:2: minmay_the_grid_square_5x5_4x4_mashed
          [minmay_the_grid_square_5x5_minivault,
          minmay_the_grid_square_5x5_bridge,
          minmay_the_grid_square_5x5_tri_point,
          minmay_the_grid_square_5x5_inner_z,
          minmay_the_grid_square_5x5_two_walls_b,
          minmay_the_grid_square_5x5_prize_monsterx,
          minmay_the_grid_square_5x5_prize_rear_guard,
          minmay_the_grid_square_5x5_checkered,
          minmay_the_grid_square_5x5_hourglass,
          minmay_the_grid_square_5x5_prize_gold,
          minmay_the_grid_square_5x5_prize_itemx, minmay_the_grid_square_5x5_z,
          minmay_the_grid_square_5x5_hollow_slash,
          minmay_the_grid_square_5x5_inset, minmay_the_grid_square_5x5_inner_v,
          minmay_the_grid_square_5x5_beaten_path], layout_honeycomb, pan_entry,
          nicolae_qazlal_scattered_showers, hell_entry, drop_trap
Depths:3: minmay_octagon_city, layout_basic, hell_entry, serial_shops,
          bzr_firewalk, abyss_entry_flame_altar, hallowed_hall,
          infiniplex_staircase_spiral_double, serial_bayou_shore_b
Depths:4: evilmike_zot_entry_argh, layout_twisted_cross, hell_entry,
          nemelex_diamond_rough_becter, marbit_kobold_abyss_entry, nrook_uturn,
          minmay_tree_intersection, serial_bayou_shore_b
Zot:1:    layout_concentric_octagons, grunt_megastairs_3
Zot:2:    layout_misc_corridors
Zot:3:    grunt_twist_and_shout, layout_concentric_octagons
Zot:4:    lemuel_firehouse, layout_onion, gammafunk_ghost_split, uniq_vv,
          uniq_grunn
Zot:5:    layout_gridlike, gammafunk_ghost_wrathful_warriors

Skill      XL: |  1  2  3  4  5  6  7  8  9 10 11 12 13 14 15 16 17 18 19 20 21 22 23 24 25 26 27 |
---------------+----------------------------------------------------------------------------------+-----
Maces & Flails | 3 4 6 7 8 10 13 14 15 17 19 21 22 23 24 27 | 27.0
Fighting       | 6 9 11 12 17 19 27 | 27.0
Invocations    | 5 10 13 17 | 17.3
Armour         | 6 9 11 12 14 17 21 23 | 23.9
Dodging        | 6 9 11 13 15 17 | 17.8
Evocations     | 3 6 9 |  9.5
Shields        | 9 |  9.8
Transmutations | 6 7 |  7.6
Ranged Weapons | 3 6 |  6.4
Translocations | 8 |  8.9
Stealth        | 5 |  5.3

Action                   |  1- 3 |  4- 6 |  7- 9 | 10-12 | 13-15 | 16-18 | 19-21 | 22-24 | 25-27 || total
-------------------------+-------+-------+-------+-------+-------+-------+-------+-------+-------++-------
Melee: Flail             |    76 |   110 |   288 |   553 |  1114 |       |       |       |       ||  2141
       Giant spiked club |       |       |       |       |    63 |   696 |   850 |   960 |  1711 ||  4280
       Morningstar       |       |       |       |       |    28 |       |       |       |       ||    28
       Great mace        |       |       |       |       |       |       |       |     9 |       ||     9
       Punch             |       |       |       |       |       |       |       |     1 |       ||     1
Throw: Dart              |       |     5 |    12 |     1 |     1 |       |       |       |       ||    19
       Boomerang         |       |     1 |       |       |       |       |       |       |       ||     1
 Cast: Wereblood         |       |       |       |       |       |    56 |    57 |    49 |    77 ||   239
       Apportation       |       |       |       |       |       |       |     3 |       |     3 ||     6
       Passage of Golubr |       |       |       |       |       |       |       |       |     6 ||     6
Invok: Bend Time         |       |       |       |     3 |    11 |     1 |       |       |       ||    15
       Temporal Distorti |       |       |       |     6 |     4 |     3 |    18 |     4 |    19 ||    54
       Slouch            |       |       |       |     3 |     6 |    13 |     8 |     5 |     2 ||    37
       Step From Time    |       |       |       |       |       |     1 |       |       |     4 ||     5
 Abil: Dig               |       |     2 |     3 |    17 |    17 |    12 |     9 |     1 |    11 ||    72
       Shaft Self        |       |     1 |       |     1 |     1 |       |       |       |     1 ||     4
Evoke: Wand              |       |       |     2 |    25 |    15 |     9 |    22 |       |     5 ||    78
       Condenser vane    |       |       |       |     1 |     4 |       |     2 |     1 |     2 ||    10
  Use: Potion            |     5 |     3 |     3 |     2 |     3 |     4 |     3 |     2 |    25 ||    50
       Scroll            |       |     7 |     9 |     7 |    16 |     6 |     5 |     2 |    12 ||    64
 Stab: Invisible         |       |     1 |     1 |    19 |       |       |       |       |       ||    21
       Confused          |       |       |       |     6 |     6 |       |       |       |     2 ||    14
       Distracted        |       |       |       |       |       |     4 |     2 |       |    50 ||    56
       Sleeping          |       |       |       |       |       |     1 |     1 |       |       ||     2
Armor: Scale mail        |    38 |    65 |    72 |   170 |   227 |    33 |       |       |       ||   605
       Skin              |       |     3 |    39 |       |       |       |       |       |       ||    42
       Ring mail         |       |       |       |       |       |   133 |    43 |       |       ||   176
       Plate armour      |       |       |       |       |       |       |   172 |   153 |   151 ||   476
       Swamp dragon scal |       |       |       |       |       |       |    16 |       |       ||    16
       Gold dragon scale |       |       |       |       |       |       |       |       |   241 ||   241
Dodge: Dodged            |    30 |    56 |    99 |   195 |   482 |   595 |   587 |   808 |  1612 ||  4464
       Repelled          |       |       |       |       |       |       |       |       |    22 ||    22
Block: Buckler           |    11 |    32 |    81 |   130 |   321 |       |       |       |       ||   575
